 Dungeon Crawl Stone Soup version 0.18-a0-721-g8fc53f4 (webtiles) character file.

234 M4edhros the Sneak (level 6, 0/38 HPs)
             Began as an Octopode Artificer on Dec 8, 2015.
             Succumbed to a big kobold's poison
             ... in a sewer.
             The game lasted 00:03:12 (1560 turns).

M4edhros the Sneak (Octopode Artificer)             Turns: 1560, Time: 00:03:12

Health: 0/38       AC:  1    Str: 10    XL:     6   Next: 5%
Magic:  8/10       EV: 12    Int: 17    God:
Gold:   63         SH:  0    Dex: 12    Spells: 0 memorised, 5 levels left

rFire  . . .     SeeInvis .     a - +0 short sword
rCold  . . .     Clarity  .     (no shield)
rNeg   . . .     SustAt   .     (helmet restricted)
rPois  .         Gourm    .     (no amulet)
rElec  .         Spirit   .     (no ring)
rCorr  .         Dismiss  .     (no ring)
rMut   .         Stasis   .     (no ring)
MR     .....                    (no ring)
Stlth  +++++.....               (no ring)
                                (no ring)
                                (no ring)
                                (no ring)

@: lethally poisoned (0 -> -5), not resistant to hostile enchantments, quite
stealthy
A: almost no armour, amphibious, 8 rings, constrict 8, camouflage 1, gelatinous
body 1
a: no special abilities


You were in a sewer.
You were very hungry.

You visited 1 branch of the dungeon, and saw 3 of its levels.
You also visited: Sewer.

You collected 63 gold pieces.

Inventory:

Hand Weapons
 a - a +0 short sword (weapon)
 i - a +0 hunting sling
 m - a +2 dagger of venom
Missiles
 f - 19 sling bullets
 g - 6 stones (quivered)
Wands
 b - a wand of flame (10)
 c - a wand of enslavement (14)
 d - a wand of random effects (12)
 k - a wand of disintegration (1)
Scrolls
 h - a scroll of enchant weapon {unknown}
 j - 2 scrolls of identify {unknown}
 l - a scroll of fear {unknown}
Comestibles
 e - 2 bread rations


   Skills:
 - Level 1.0 Fighting
 - Level 1.0 Short Blades
 - Level 2.0 Dodging
 + Level 6.1 Stealth
 + Level 5.4 Evocations


You had 5 spell levels left.
You didn't know any spells.

Dungeon Overview and Level Annotations

Branches:
Dungeon (3/15)

Altars:


Innate Abilities, Weirdness & Mutations

You cannot wear most types of armour.
You are amphibious.
You can wear up to eight rings at the same time.
You can use your tentacles to constrict eight enemies at once.
Your skin changes colour to match your surroundings (Stealth).
Your rubbery body absorbs attacks (AC +1).


Message History

Press: ? - help, Shift-Dir - straight line, f/p - big kobold
Aim: a big kobold, wielding a dagger of venom (steam, almost dead)
The puff of flame hits the big kobold.
You kill the big kobold!
You hear a splash.
Your Stealth skill increases to level 6!
You have reached level 6!
Your experience leads to an increase in your attributes!
Increase (S)trength, (I)ntelligence, or (D)exterity?
You feel clever.
This wand has 10 charges left.
You are engulfed in a cloud of scalding steam.
* * * LOW HITPOINT WARNING * * *
You feel sick.
Things that are here:
a dagger of venom; a big kobold corpse
m - a dagger of venom You are engulfed in a cloud of scalding steam.
* * * LOW HITPOINT WARNING * * *
You die...

####### #.≈@§≈#####
#####≈.≈≈≈#######
#K≈≈≈≈###≈≈...≈.##
####### #≈≈≈..≈≈.#
#.≈≈≈≈###≈≈.≈..≈≈###
#####≈.≈.≈####..≈.##
#)≈≈≈≈##### ##.≈≈.≈
####### ##≈≈.. #≈.≈.


There were no monsters in sight!

Vanquished Creatures
  A centaur (D:3)
  A big kobold (Sewer)
  2 gnolls (D:3)
  A river rat (Sewer)
  3 worms (D:3)
  2 giant geckos
  An orc (D:3)
  5 giant cockroaches
  2 hobgoblins (D:1)
  A bat (D:2)
  3 giant newts
  5 goblins
  4 jackals (D:2)
  6 kobolds
  7 rats
44 creatures vanquished.

Vanquished Creatures (others)
  A gnoll (D:3)
1 creature vanquished.

Grand Total: 45 creatures vanquished

Notes
Turn   | Place    | Note
--------------------------------------------------------------
     0 | D:1      | M4edhros the Octopode Artificer began the quest for the Orb.
     0 | D:1      | Reached XP level 1. HP: 13/13 MP: 3/3
   252 | D:1      | Reached XP level 2. HP: 13/18 MP: 4/4
   725 | D:2      | Reached XP level 3. HP: 11/23 MP: 5/5
   914 | D:3      | Reached skill level 4 in Evocations
   968 | D:3      | Noticed a centaur
   977 | D:3      | Killed a centaur
   977 | D:3      | Reached skill level 5 in Stealth
   977 | D:3      | Reached XP level 4. HP: 8/28 MP: 7/7
   977 | D:3      | Reached XP level 5. HP: 9/33 MP: 8/8
   998 | D:3      | Found a faded altar to an unknown god.
  1239 | D:3      | Reached skill level 5 in Evocations
  1246 | D:3      | Found a glowing drain.
  1250 | Sewer    | Entered a sewer
  1558 | Sewer    | Reached skill level 6 in Stealth
  1558 | Sewer    | Reached XP level 6. HP: 21/38 MP: 8/10
  1560 | Sewer    | HP: 1/38 [cloud of steam (9)]
  1560 | Sewer    | Succumbed to a big kobold's poison

Vault maps used:
D:1:      elethiomel_arrival_maze, serial_bayou_lagoon_a
D:2:      first_bread, corexii_hall_statues_l, nemelex_spade_bored_becter
D:3:      okawaru_metal_pillars_1_2, ecumenical_altar_2, gup_sewer_entry_spiral,
          roderic_roman_lattice
Sewer:    sewer_co_tree

Action                   |  1- 3 |  4- 6 || total
-------------------------+-------+-------++-------
Melee: Short sword       |    54 |    30 ||    84
 Fire: Hunting sling     |    11 |       ||    11
Evoke: Wand              |     4 |     5 ||     9
 Stab: Sleeping          |     6 |     8 ||    14
       Paralysed         |     2 |       ||     2
  Eat: Chunk             |       |     1 ||     1
